 Dungeon Crawl Stone Soup version 0.32-a0-635-g817ac4a (webtiles) character file.

Game seed: 13332008392220591731

436846 sdynet the Ex Machina (level 24, -28/185 (208) HPs)
             Began as a Coglin Artificer on Mar 5, 2024.
             Was the Champion of Ru.
             Killed from afar by a storm dragon (46 damage)
             ... with a bolt of lightning
             ... on level 5 of the Vaults on Mar 6, 2024.
             The game lasted 03:56:05 (68028 turns).

sdynet the Ex Machina (Coglin Artificer)           Turns: 68028, Time: 03:56:06

HP:   -28/185 (208) AC: 38    Str: 24    XL:     24   Next: 3%
MP:   16/24         EV: 11    Int: 12    God:    Ru [******]
Gold: 2658          SH:  0    Dex: 23    Spells: 29/29 levels left

rFire   . . .        a - +7 Spriggan's Knife {stab, EV+4 Stlth+}
rCold   + . .        b - +7 broad axe of Tareqall {venom, Will+}
rNeg    + . .        C - +2 crystal plate armour of the Bouncing Gods {rC+ Str+6}
rPois   +            o - +1 helmet
rElec   .            n - scarf {+Inv}
rCorr   +            V - +1 pair of gloves of Bipivab {rN+ Dex+3 Slay+3 Stlth+}
SInv    .            L - +1 pair of boots {Fly}
Will    ++...        (amulet unavailable) Stlth
                     (ring unavailable)
HPRegen 0.50/turn    (ring unavailable)
MPRegen 0.19/turn    E - bismuth turbine {Gadgeteer, rPois rCorr Slay+3}

%: no passive effects
@: exhausted, flying, studying 3 skills, heavily drained, revved
A: low MP 1, screaming 1, inability to drink after injury 2, inability to read
after injury 2, inability to train dodging, no conjurations magic, no fire
magic, no hexes magic, disrupted magic 1, off-hand wielding, slow wielding,
warmup strikes, no jewellery
}: 2/15 runes: serpentine, barnacled
a: Renounce Religion, Evoke Invisibility, Draw Out Power, Power Leap, Apocalypse


You were on level 5 of the Vaults.
You worshipped Ru.
Ru was exalted by your worship.
You visited 9 branches of the dungeon, and saw 42 of its levels.
You visited the Abyss 3 times.
You visited 1 bazaar.

You collected 6437 gold pieces.
You spent 3779 gold pieces at shops.

Inventory:

Hand Weapons
 a - the +7 Spriggan's Knife (weapon) {stab, EV+4 Stlth+}
   (You found it on level 3 of the Crypt)

   Stab:      It is more effective when stabbing unaware enemies, sometimes
   treating them as though they were completely helpless.
   EV+4:      It affects your evasion (+4).
   Stlth+:    It makes you more stealthy.
 b - the +7 broad axe of Tareqall (offhand) {venom, Will+}
   (You took it off a deep elf annihilator on level 3 of the Elven Halls)

   Will+:     It increases your willpower.
 d - the +10 short sword of the Final Decision {flame, rElec rPois Str+2}
   (You found it on level 3 of the Crypt)

   Str+2:     It affects your strength (+2).
   rElec:     It insulates you from electricity.
   rPois:     It protects you from poison.
Missiles
 t - 12 javelins
 H - 5 throwing nets (quivered)
 J - 9 silver javelins
 Y - 5 curare-tipped darts
 Z - 35 poisoned darts
Armour
 n - a scarf of invisibility (worn)
 o - a +1 helmet (worn)
 C - the +2 crystal plate armour of the Bouncing Gods (worn) {rC+ Str+6}
   (You found it on level 5 of the Lair of Beasts)

   Str+6:     It affects your strength (+6).
   rC+:       It protects you from cold.
 L - a +1 pair of boots of flying (worn)
 Q - the orb "Giezen" {*channel, Will+++ Str+4 Int+5}
   (You took it off Frederick on level 3 of the Crypt)

   Str+4:     It affects your strength (+4).
   Int+5:     It affects your intelligence (+5).
   Will+++:   It greatly increases your willpower.
 V - the +1 pair of gloves of Bipivab (worn) {rN+ Dex+3 Slay+3 Stlth+}
   (You took it off Nikola on level 2 of the Shoals)

   Dex+3:     It affects your dexterity (+3).
   Slay+3:    It affects your accuracy & damage with ranged weapons and melee
   (+3).
   rN+:       It protects you from negative energy.
   Stlth+:    It makes you more stealthy.
Magical Staves
 m - the staff of sdynet's Slow Death {^Drain SInv Conj Hexes}
   (You found it on level 3 of the Elven Halls)

   [staff of conjuration]

   Your inability to study Conjurations prevents you from drawing on the full
   power of this staff in melee.
   Base accuracy: +5 Base damage: 5 Base attack delay: 1.2 This weapon's minimum
   attack delay (0.6) is reached at skill level 12.
   SInv:      It lets you see invisible.
   ^Drain:    It drains your maximum health when unequipped.
   Conj:      It increases the power of your Conjurations spells.
   Hexes:     It increases the power of your Hexes spells.
   It falls into the 'Staves' category.
   It is a one-graspered weapon.
 s - a staff of fire {Seoyun}
 I - a staff of cold {Xiang}
Gizmo
 E - a bismuth turbine (installed) {Gadgeteer, rPois rCorr Slay+3}
   (You invented it yourself on level 5 of the Lair of Beasts)

   [bismuth turbine]

   Gadgeteer: Your evocable items recharge 30% faster and wands have a 30%
   chance to not spend a charge.
   Slay+3:    It affects your accuracy & damage with ranged weapons and melee
   (+3).
   rPois:     It protects you from poison.
   rCorr:     It protects you from acid and corrosion.
Wands
 p - a wand of warping (22)
 q - a wand of digging (2)
 r - a wand of paralysis (14)
 x - a wand of polymorph (14)
 y - a wand of light (17)
 A - a wand of flame (24)
 X - a wand of mindburst (2)
Scrolls
 h - 4 scrolls of immolation
 i - 9 scrolls of blinking
 l - a scroll of poison
 z - 3 scrolls of vulnerability
 B - 6 scrolls of fog {!r}
 F - 12 scrolls of teleportation {!r}
 G - 2 scrolls of butterflies
 R - 4 scrolls of fear {!r}
 S - 3 scrolls of revelation {!r}
 U - 2 scrolls of silence {!r}
Potions
 c - a potion of might {!q}
 f - a potion of haste {!q}
 j - 3 potions of attraction
 k - a potion of heal wounds {!q}
 u - 2 potions of magic {!q}
 D - 8 potions of curing {!q}
 K - 2 potions of cancellation {!q}
 M - 4 potions of mutation
 O - 9 potions of lignification {!q}
 P - 2 potions of invisibility {!q}
Miscellaneous
 e - a tin of tremorstones (2/2)
 v - a lightning rod (4/4)
 w - a sack of spiders (inert)
 N - a phial of floods
 W - a phantom mirror (inert)


   Skills:
 - Level 21.4 Fighting
 - Level 1.0 Short Blades
 + Level 11.7 Axes
 - Level 12.0 Staves
 - Level 1.0 Throwing
 - Level 21.5 Armour
 + Level 5.6 Stealth
 - Level 3.0 Spellcasting
 - Level 3.0 Ice Magic
 - Level 3.0 Alchemy
 O Level 27 Evocations


You had 29 spell levels left.
You didn't know any spells.
Your spell library contained the following spells:

 Spells                   Type           Power      Damage    Failure   Level
 Mercury Vapours          Alch/Air       10%        N/A       97%         2
 Ozocubu's Armour         Ice            9%         N/A       98%         3
 Apportation              Tloc           2%         N/A       99%         1
 Necrotise                Necr           4%         1d4       99%         1
 Blink                    Tloc           2%         N/A       99%         2
 Call Imp                 Summ           2%         N/A       99%         2
 Lesser Beckoning         Tloc           2%         N/A       99%         2
 Sublimation of Blood     Necr           1%         N/A       99%         2
 Call Canine Familiar     Summ           1%         N/A       100%        3
 Fugue of the Fallen      Necr           1%         N/A       100%        3
 Gell's Gravitas          Tloc           1%         N/A       100%        3
 Passwall                 Erth           1%         N/A       100%        3
 Summon Ice Beast         Ice/Summ       5%         N/A       100%        3
 Swiftness                Air            1%         N/A       100%        3
 Teleport Other           Tloc           1%         N/A       100%        3
 Vampiric Draining        Necr           1%         2d6       100%        3
 Airstrike                Air            0%         2d(1-17)  100%        4
 Animate Armour           Summ/Erth      2%         N/A       100%        4
 Animate Dead             Necr           1%         N/A       100%        4
 Leda's Liquefaction      Alch/Erth      2%         N/A       100%        4
 Manifold Assault         Tloc           1%         N/A       100%        4
 Martyr's Knell           Necr/Summ      1%         N/A       100%        4
 Olgreb's Toxic Radiance  Alch           9%         N/A       100%        4
 Passage of Golubria      Tloc           1%         N/A       100%        4
 Petrify                  Alch/Erth      5%         N/A       100%        4
 Summon Lightning Spire   Summ/Air       1%         N/A       100%        4
 Vhi's Electric Charge    Tloc/Air       2%         N/A       100%        4
 Alistair's Intoxication  Alch           6%         N/A       100%        5
 Borgnjor's Vile Clutch   Necr/Erth      0%         N/A       100%        5
 Curse of Agony           Necr           1%         N/A       100%        5
 Lee's Rapid Deconstruct  Erth           0%         3d4*      100%        5
 Summon Forest            Summ/Tloc      0%         N/A       100%        5
 Death Channel            Necr           0%         N/A       100%        6
 Dispersal                Tloc           0%         N/A       100%        6
 Summon Cactus Giant      Summ           0%         N/A       100%        6
 Haunt                    Necr/Summ      0%         N/A       100%        7
 Monstrous Menagerie      Summ           0%         N/A       100%        7
 Ozocubu's Refrigeration  Ice            4%         4d8       100%        7
 Borgnjor's Revivificati  Necr           0%         N/A       100%        8
 Maxwell's Capacitive Co  Air            0%         ∞         100%        8
 Death's Door             Necr           0%         N/A       100%        9
 Sting                    Conj/Alch      Unusable   1d4       N/A         1
 Ensorcelled Hibernation  Hex/Ice        Unusable   N/A       N/A         2
 Magic Dart               Conj           Unusable   1d3       N/A         1
 Shock                    Conj/Air       Unusable   1d3       N/A         1
 Jinxbite                 Hex            Unusable   N/A       N/A         2
 Momentum Strike          Conj/Tloc      Unusable   3d8       N/A         2
 Static Discharge         Conj/Air       Unusable   3-4/arc   N/A         2
 Dazzling Flash           Conj/Hex       Unusable   N/A       N/A         3
 Mephitic Cloud           Conj/Alch/Air  Unusable   N/A       N/A         3
 Sigil of Binding         Hex            Unusable   N/A       N/A         3
 Volatile Blastmotes      Fire/Tloc      Unusable   2d10      N/A         3
 Dimensional Bullseye     Hex/Tloc       Unusable   N/A       N/A         4
 Iskenderun's Mystic Bla  Conj/Tloc      Unusable   2d3       N/A         4
 Arcjolt                  Conj/Air       Unusable   1d10      N/A         5
 Irradiate                Conj/Alch      Unusable   3d12      N/A         5
 Silence                  Hex/Air        Unusable   N/A       N/A         5
 Summon Mana Viper        Hex/Summ       Unusable   N/A       N/A         5
 Bombard                  Conj/Erth      Unusable   9d1       N/A         6
 Plasma Beam              Fire/Air       Unusable   2x1d10    N/A         6
 Starburst                Conj/Fire      Unusable   6d3       N/A         6
 Discord                  Hex            Unusable   N/A       N/A         8

Dungeon Overview and Level Annotations

Branches:
Dungeon (15/15)            Temple (1/1) D:4            Lair (5/5) D:8
 Shoals (4/4) Lair:2        Snake (4/4) Lair:3        Slime (0/5) Lair:5
    Orc (2/2) D:12            Elf (3/3) Orc:2        Vaults (5/5) D:13
  Crypt (3/3) Vaults:3       Tomb (0/3) Crypt:3      Depths (0/4) D:15

Altars:
Ashenzari
Cheibriados
Dithmenos
Elyvilon
Fedhas
Gozag
Hepliaklqana
Kikubaaqudgha
Makhleb
Nemelex Xobeh
Okawaru
Qazlal
Ru
Sif Muna
Trog
Uskayaw
Vehumet
Wu Jian
Xom
Yredelemnul
Zin
The Shining One
Jiyva

Shops:
D:11 :*=   D:14 *(   Orc:1 =   Orc:2 *[=?   Shoals:3 (   Snake:2 *
Snake:3 *[?*(   Vaults:1 (   Vaults:4 [

Portals:
Trove: Vaults:1 (give +7 demon whip)

Annotations:
D:13 1 runed translucent door, Hicry's ghost, journeyman TrSh
Lair:4 2 runed translucent doors, exclusion: 2 doors, Syrim's ghost, journeyman DsSh
Elf:2 3 runed translucent doors, exclusion: 3 doors


Innate Abilities, Weirdness & Mutations

Your magical capacity is low. (-10% MP)
You occasionally shout uncontrollably at your foes.
You sometimes lose the ability to drink potions when taking damage.
You sometimes lose the ability to read scrolls when taking damage.
You cannot train Dodging skill.
You cannot study or cast Conjurations magic.
You cannot study or cast Fire magic.
You cannot study or cast Hexes magic.
Your casting is slightly disrupted.
You can wield a second weapon in your off-hand.
It takes a long time for you to wield or remove held weapons.
Your first few attacks do less damage.
You cannot equip rings or amulets.


Message History

The stone giant slows down under the weight of truth!
The vault warden doubts its magic when faced with ultimate truth!
You feel drained.
You kill the ironbound preserver!
You hear a deafening roar!
You hear a shout! x4
Your demonic crawler hits the titan but does no damage.
Your demonic crawler hits the titan.
Your demonic crawler hits the titan!
The titan falters for a moment.
The yaktaur captain shoots a bolt.
The bolt hits you!!
* * * LOW HITPOINT WARNING * * *
You strike the helpless titan from behind!
You hit the titan but do no damage.
The titan is poisoned.
The titan is severely wounded.
You hit the titan with the +7 Spriggan's Knife.
Your demonic crawler hits the titan!
Your demonic crawler hits the titan. x2
You redirect the stone giant's attack!
The stone giant throws a large rock.
The large rock hits the vault warden!!!
The vault warden dies!
The titan hits you but does no damage.
The yaktaur captain shoots a bolt.
The bolt hits you.
* * * LOW HITPOINT WARNING * * *
The stone giant shouts!
You hit the titan with the +7 Spriggan's Knife.
The titan is almost dead.
You slash the titan with the +7 broad axe of Tareqall!
You kill the titan!
You hit the fire giant with the +7 broad axe of Tareqall.
The fire giant is poisoned.
The fire giant hits you but does no damage.
The yaktaur captain shoots a bolt.
The bolt hits your demonic crawler!!
You completely miss the fire giant with the +7 broad axe of Tareqall.
The fire giant is severely wounded.
You slash the storm dragon with the +7 broad axe of Tareqall!
You puncture the fire giant with the +7 Spriggan's Knife!
Your demonic crawler hits the fire giant!
The fire giant dies!
The storm dragon breathes lightning at you.
The bolt of lightning hits you!!!
You die...
Ru respects your ultimate sacrifice.

))... ..........#
X..##
#############....#
.p...
.................#
)#...
#...$......#..#
.#C..
#...)......#..# )#
.# #
#..C#####..#..# .#
#. #...# #..#..# .#
...##'##$..#
#.^#..# .#
......D@s.)#
#..#..#
...........# #..#
...#####..Tc......#
. #..).....
'.........
.#.........
###.........
....##'##.


You could see a storm dragon (catching breath), a stone giant (slow), a yaktaur
captain, a deep troll (paralysed) and a friendly demonic crawler (summoned,
weak-willed).

Vanquished Creatures
  Frederick (Crypt:3)
  An ancient lich (Crypt:3)
  Mara (Vaults:4)
  Saint Roka (Vaults:5)
  Bai Suzhen (Snake:4)
  Norris (Vaults:1)
  A bone dragon (Abyss:3)
  A shard shrike zombie (Crypt:3)
  A doom hound (Crypt:1)
  2 tentacled monstrosities (Vaults:5)
  Zenata (Crypt:3)
  4 sphinxes
  Grunn (Crypt:1)
  2 titans (Vaults:5)
  4 liches
  2 deep elf master archers (Elf:3)
  2 tentacled starspawn (Abyss:3)
  A deep elf blademaster (Elf:3)
  2 ancient champions
  Polyphemus (Shoals:4)
  Agnes (Snake:3)
  A kraken (Shoals:1)
  Roxanne (Elf:2)
  4 revenants
  A storm dragon (Vaults:5)
  A shadow dragon (Vaults:5)
  5 nagarajas (Snake:4)
  A fenstrider witch (Shoals:1)
  9 vault wardens
  A frost giant (Vaults:4)
  Louise (Abyss:3)
  An iron dragon (Vaults:5)
  A deep elf elementalist (Elf:3)
  3 curse skulls
  4 deep elf sorcerers (Elf:3)
  A caustic shrike zombie (Crypt:3)
  3 ghouls
  2 orc warlords (Vaults:1)
  3 very ugly things (Vaults:5)
  A draconian annihilator (Abyss:3)
  5 stone giants
  A reaper (Crypt:3)
  15 ironbound preservers
  A quicksilver ooze (Vaults:1)
  2 formless jellyfish
  7 ironbound thunderhulks
  7 deep elf annihilators (Elf:3)
  2 vampire knights (Crypt:1)
  6 deep elf demonologists (Elf:3)
  6 deep elf death magi
  14 dire elephants
  Azrael (Orc:2)
  7 eidola
  3 merfolk javelineers (Shoals:4)
  2 quicksilver dragon zombies
  4 merfolk impalers
  5 ettins
  6 jiangshi
  An entropy weaver (shapeshifter) (Abyss:3)
  A mummy priest (Crypt:3)
  2 entropy weavers (Vaults:2)
  A fire dragon (D:15)
  2 deep elf high priests
  A rakshasa (Abyss:3)
  8 yaktaur captains
  An elf skeleton (Crypt:3)
  A peacekeeper (Vaults:3)
  2 salamander tyrants
  A catoblepas (Shoals:4)
  7 great orbs of eyes
  5 hydras
  A fenstrider witch zombie (Crypt:1)
  A quicksilver dragon skeleton (Crypt:2)
  30 vault guards
  10 centaur warriors
  3 ogre magi
  2 merfolk avatars
  5 ironbound frosthearts
  2 death knights
  3 ghost crabs (Crypt:2)
  15 two-headed ogres
  2 spriggan skeletons (Crypt:3)
  4 anacondas
  6 merfolk aquamancers
  11 dancing weapons
  3 boulder beetles
  3 tengu warriors (D:14)
  A two-headed ogre (shapeshifter) (Vaults:5)
  A satyr (Shoals:4)
  A hell hog (Lair:5)
  3 alligator snapping turtles
  6 vampire magi
  4 thrashing horrors (Abyss:3)
  19 naga sharpshooters
  2 death yaks (Shoals:4)
  8 naga warriors
  3 sun demons
  7 shock serpents
  11 soul eaters
  3 orc high priests (Vaults:5)
  6 deep elf knights
  A titan skeleton (Crypt:3)
  3 salamander mystics
  3 sixfirhies (Abyss:3)
  5 skysharks
  29 deep trolls
  6 arcanists
  2 bunyip zombies (Crypt:3)
  16 skeletal warriors
  5 naga ritualists
  9 mana vipers
  3 glowing orange brains
  5 flayed ghosts
  12 sea snakes
  A bog body (Crypt:2)
  An iron giant skeleton (Crypt:3)
  12 starcursed masses (Abyss:3)
  13 ironbound convokers
  A lindwurm (shapeshifter) (Vaults:5)
  18 lindwurms
  7 orc knights
  18 deep elf zephyrmancers
  5 large abominations (Abyss:3)
  15 deep elf pyromancers
  4 deep elf archers
  20 harpies
  12 necromancers
  2 thermic dynamos (Elf:1)
  15 phantasmal warriors
  14 ugly things
  2 anaconda skeletons (Crypt:1)
  4 oklob plants (Lair:1)
  2 orc sorcerers
  16 fauns
  3 wolf spiders
  9 cyclopes
  A naga zombie (Crypt:3)
  6 salamanders (Snake:3)
  14 manticores
  A dire elephant zombie (Crypt:3)
  3 smoke demons (Abyss:3)
  A worldbinder (Abyss:3)
  38 black mambas
  A kobold blastminer (Orc:2)
  9 merfolk sirens
  16 elephants
  11 vault sentinels
  13 slime creatures
  7 water nymphs
  4 guardian serpents
  14 naga magi
  A shock serpent skeleton (Crypt:2)
  An orange demon (Abyss:3)
  10 cane toads
  A centaur skeleton (Crypt:1)
  Maggie (D:7)
  11 komodo dragons
  A komodo dragon (shapeshifter) (Vaults:4)
  A catoblepas zombie (Crypt:3)
  15 yaktaurs
  An efreet (D:13)
  10 freezing wraiths
  2 catoblepas skeletons (Crypt:1)
  2 guardian mummies (Crypt:3)
  An ancient zyme (Abyss:3)
  An ice devil (Abyss:3)
  A merfolk (shapeshifter) (Vaults:5)
  A human zombie (Vaults:1)
  9 polar bears (Lair:5)
  13 hellwings (Crypt:3)
  33 merfolk
  3 wind drakes
  A tengu simulacrum (Crypt:1)
  15 trolls
  3 raiju
  A glass eye (shapeshifter) (D:15)
  2 hornets (Lair:5)
  11 blink frogs
  A harpy skeleton (Crypt:3)
  6 snapping turtles
  A snapping turtle (shapeshifter) (Vaults:5)
  9 dream sheep
  3 jumping spiders (Crypt:3)
  2 shadows (D:12)
  13 water elementals
  A black mamba zombie (Crypt:1)
  A culicivora (Vaults:2)
  18 wyverns
  13 wraiths
  31 yaks
  7 humans
  A black mamba skeleton (Crypt:3)
  An elf simulacrum (Vaults:1)
  4 basilisks
  7 fire elementals
  A fire bat (Abyss:3)
  4 wargs
  2 steam dragons
  2 neqoxecs (Abyss:3)
  10 redbacks
  2 vampire mosquitoes (D:13)
  4 small abominations (Abyss:3)
  3 acid dragons
  An entropy weaver zombie (Crypt:1)
  A two-headed ogre zombie (Crypt:1)
  48 nagas
  A naga skeleton (Crypt:3)
  Duvessa (D:7)
  24 water moccasins
  17 hell hounds
  4 ice beasts
  A sky beast (D:6)
  11 orc warriors
  An ice beast (shapeshifter) (D:15)
  25 laughing skulls
  13 black bears
  5 boggarts (D:15)
  A snapping turtle skeleton (Crypt:2)
  17 wolves
  23 ogres
  4 centaurs
  2 phantoms
  2 weeping skulls (Abyss:3)
  3 kobold brigands
  A fire crab zombie (Crypt:1)
  A brain worm (shapeshifter) (D:13)
  14 bullfrogs
  A gnoll sergeant (D:12)
  A human skeleton (Vaults:1)
  2 scorpions
  6 wyvern skeletons (Crypt:3)
  5 wights
  A hornet simulacrum (D:15)
  2 troll zombies (D:12)
  3 spriggan zombies
  4 killer bees (D:8)
  A human simulacrum (Vaults:1)
  3 howler monkeys
  10 electric eels
  A bombardier beetle (D:4)
  3 hounds
  A lava snake (D:7)
  5 jellies
  17 orc priests
  2 iron imps (Abyss:3)
  2 sleepcaps (D:5)
  Crazy Yiuf (D:6)
  2 gnoll boudas
  5 iguanas
  11 orc wizards
  A boggart skeleton (Crypt:1)
  An ice beast zombie (Crypt:1)
  An acid dragon zombie (Crypt:2)
  6 ogre zombies (D:12)
  An ogre skeleton (Crypt:2)
  A mummy (Crypt:3)
  12 gnolls
  5 adders
  3 shadow imps
  6 white imps
  An ufetubus (D:8)
  A ribbon worm (D:2)
  A dart slug (D:4)
  47 orcs
  7 ball pythons
  4 bats
  A bat skeleton (Crypt:1)
  11 endoplasms
  A giant cockroach (D:4)
  2 gnoll zombies (D:12)
  10 goblins
  5 hobgoblins
  9 jackals
  A quokka (D:4)
  3 training dummies (Shoals:3)
  3 frilled lizards
  2 gnoll skeletons (D:12)
  23 kobolds
  3 orc skeletons (D:12)
  18 orc zombies (D:12)
  5 rats
  A river rat zombie (Crypt:1)
  3 starspawn tentacles (Abyss:3)
  5 tentacles (Shoals:1)
1624 creatures vanquished.

Vanquished Creatures (collateral kills)
  A dread lich (Vaults:5)
  Nikola (Shoals:2)
  A doom hound (Crypt:1)
  Mlioglotl (Snake:4)
  A tentacled monstrosity (Vaults:5)
  A deep elf blademaster (Elf:3)
  A storm dragon (Vaults:5)
  A revenant (Crypt:2)
  3 vault wardens
  A fire giant (Vaults:5)
  A caustic shrike zombie (Crypt:3)
  A deep elf elementalist (Elf:3)
  4 ghouls (Crypt:2)
  A juggernaut zombie (Crypt:3)
  An ironbound preserver (Vaults:5)
  A deep elf demonologist (Elf:3)
  5 dire elephants
  An ironbound thunderhulk (Vaults:1)
  A deep elf death mage (Elf:3)
  A deep elf annihilator (Elf:3)
  2 war gargoyles
  A jiangshi (Crypt:1)
  An ettin (Vaults:5)
  3 eidola (Crypt:3)
  A deep elf high priest (Vaults:5)
  A quicksilver dragon zombie (Crypt:3)
  4 vault guards (Vaults:5)
  A salamander tyrant (Snake:4)
  An ice dragon (D:15)
  A peacekeeper (Vaults:3)
  2 merfolk aquamancers (Shoals:2)
  A dancing weapon (Vaults:5)
  A boulder beetle (Vaults:4)
  2 merfolk avatars
  2 tengu warriors (D:14)
  A titan zombie (Crypt:3)
  2 sun demons (Shoals:4)
  A naga sharpshooter (Snake:4)
  A skyshark (Vaults:1)
  A sea snake (Shoals:4)
  An arcanist (Vaults:4)
  A naga ritualist (Snake:4)
  2 large abominations (Abyss:3)
  3 harpies (D:14)
  2 deep trolls (Vaults:4)
  A deep elf archer (Vaults:5)
  3 phantasmal warriors
  A deep elf zephyrmancer (Vaults:5)
  2 ironbound convokers
  A deep elf pyromancer (Vaults:5)
  4 ugly things
  A manticore (Shoals:4)
  3 black mambas (Snake:4)
  A merfolk siren (Shoals:4)
  4 water nymphs
  A naga zombie (Crypt:3)
  3 vault sentinels
  A yaktaur (Vaults:3)
  A freezing wraith (Crypt:3)
  2 harpy zombies (Crypt:3)
  2 merfolk (Shoals:4)
  2 wind drakes (Shoals:4)
  A wraith (Crypt:2)
  A water elemental (Elf:1)
  A naga (Snake:4)
  2 laughing skulls (Crypt:2)
  9 wights
  A gnoll bouda (D:7)
  An orc wizard (D:5)
  5 gnolls (D:7)
  A quokka (D:5)
  A frilled lizard skeleton (Crypt:2)
  2 kobolds (D:6)
  An orc zombie (Crypt:2)
127 creatures vanquished.

Vanquished Creatures (others)
  A tentacled monstrosity (Vaults:5)
  A vault warden (Vaults:5)
  A reaper (Crypt:3)
  A jiangshi (Crypt:2)
  A vault guard (Vaults:4)
  A skeletal warrior (Crypt:1)
  A deep troll (Vaults:2)
  A bunyip skeleton (Crypt:3)
  A sea snake (Shoals:3)
  An ironbound convoker (Vaults:2)
  2 lindwurms (Vaults:2)
  An arcanist (Vaults:2)
  A deep elf zephyrmancer (Elf:1)
  A necromancer (Crypt:1)
  An ugly thing (Vaults:1)
  A naga skeleton (Crypt:1)
  A black mamba (Snake:3)
  A cane toad (Lair:3)
  A yaktaur (Vaults:1)
  A merfolk (Shoals:2)
  A harpy zombie (Crypt:3)
  A harpy skeleton (Crypt:3)
  A warg (Lair:5)
  A naga (Snake:1)
  An orc warrior (Vaults:1)
  A centaur (D:8)
  2 earth elementals (Elf:3)
  2 wights
  Dowan (D:7)
  A sleepcap (D:6)
  6 starspawn tentacles (Abyss:3)
  10 tentacles (Shoals:1)
49 creatures vanquished.

Grand Total: 1800 creatures vanquished

Notes
Turn   | Place    | Note
-------+----------+-------------------------------------------
     0 | D:1      | sdynet the Coglin Artificer began the quest for the Orb.
     0 | D:1      | Reached XP level 1. HP: 15/15 MP: 1/1
    93 | D:1      | Reached skill level 1 in Dodging
    93 | D:1      | Reached skill level 1 in Stealth
    93 | D:1      | Reached XP level 2. HP: 22/22 MP: 2/2
   389 | D:1      | Reached XP level 3. HP: 28/28 MP: 3/3
  1023 | D:2      | Reached XP level 4. HP: 34/35 MP: 4/4
  1184 | D:2      | Found a bloodstained altar of Trog.
  1217 | D:2      | Reached skill level 1 in Throwing
  2083 | D:3      | Found a sparkling altar of Nemelex Xobeh.
  2163 | D:3      | Reached XP level 5. HP: 41/42 MP: 5/5
  2639 | D:4      | Reached skill level 1 in Alchemy
  3136 | D:4      | Found a staircase to the Ecumenical Temple.
  3145 | Temple   | Entered the Ecumenical Temple
  3159 | Temple   | Became a worshipper of Ru the Awakened
  3248 | D:5      | Entered Level 5 of the Dungeon
  3248 | D:5      | Noticed a phantom
  3260 | D:4      | Killed a phantom
  3261 | D:4      | Reached skill level 5 in Fighting
  3261 | D:4      | Reached XP level 6. HP: 51/51 MP: 6/6
  3301 | D:5      | Noticed a water moccasin
  3320 | D:5      | Killed a water moccasin
  3529 | D:5      | Reached XP level 7. HP: 58/58 MP: 7/7
  3555 | D:5      | Found a shimmering altar of Xom.
  3580 | D:5      | Reached skill level 5 in Evocations
  3791 | D:5      | Reached skill level 6 in Evocations
  3791 | D:5      | Reached skill level 1 in Staves
  4423 | D:5      | Gained mutation: You occasionally shout uncontrollably at
                  | your foes. [Ru sacrifice]
  5046 | D:6      | Reached XP level 8. HP: 49/64 MP: 8/8
  5477 | D:6      | Reached skill level 7 in Evocations
  5483 | D:6      | Reached skill level 5 in Staves
  5692 | D:6      | Reached skill level 8 in Evocations
  5801 | D:6      | Reached XP level 9. HP: 69/69 MP: 9/9
  5938 | D:6      | Reached skill level 9 in Evocations
  6211 | D:6      | Found a runed translucent door.
  6212 | D:6      | Noticed Crazy Yiuf
  6216 | D:6      | Killed Crazy Yiuf
  6880 | D:7      | Noticed Dowan
  6889 | D:7      | Noticed Duvessa
  6900 | D:7      | Your ally Dowan died
  6902 | D:7      | Killed Duvessa
  7237 | D:7      | Found a hide-covered altar of Uskayaw.
  7237 | D:7      | Found a radiant altar of Vehumet.
  7252 | D:7      | Noticed Maggie
  7264 | D:7      | Killed Maggie
  7265 | D:7      | Reached skill level 5 in Armour
  7265 | D:7      | Reached XP level 10. HP: 80/80 MP: 10/10
  7538 | D:8      | Identified the +9 quarterstaff "Medwar" {drain, rC+ Int+3}
  7683 | D:8      | Found a staircase to the Lair.
  8135 | D:8      | Gained mutation: You occasionally lose the ability to drink
                  | potions when taking damage. [Ru sacrifice]
  8135 | D:8      | Gained mutation: You sometimes lose the ability to drink
                  | potions when taking damage. [Ru sacrifice]
  8135 | D:8      | Reached * piety under Ru
  8421 | D:8      | Found a stormy altar of Qazlal.
  8428 | D:8      | Found a blossoming altar of Fedhas.
  9546 | D:9      | Reached skill level 1 in Fire Magic
  9639 | D:9      | Noticed a cyclops
  9648 | D:9      | Reached skill level 10 in Evocations
  9658 | D:9      | Killed a cyclops
 10008 | D:9      | Reached XP level 11. HP: 65/89 MP: 11/11
 10338 | D:10     | Entered Level 10 of the Dungeon
 10341 | D:10     | Found an ornate altar of the Wu Jian Council.
 10726 | D:10     | Gained mutation: You cannot study or cast Fire magic. [Ru
                  | sacrifice]
 10726 | D:10     | Gained mutation: You cannot study or cast Hexes magic. [Ru
                  | sacrifice]
 10726 | D:10     | Gained mutation: You cannot study or cast Conjurations
                  | magic. [Ru sacrifice]
 10726 | D:10     | Reached ** piety under Ru
 10935 | D:10     | Found a white marble altar of Elyvilon.
 11060 | D:10     | Found a shimmering blue altar of Sif Muna.
 11473 | D:11     | Found Kaegirgh's Book Shoppe.
 11492 | D:11     | Found Coviarphu's Jewellery Shop.
 11494 | D:11     | Found Juatoul's Assorted Antiques.
 11512 | D:11     | Bought a potion of attraction for 78 gold pieces
 11512 | D:11     | Bought a scroll of identify for 52 gold pieces
 11512 | D:11     | Bought a wand of light (3) for 327 gold pieces
 11512 | D:11     | Bought a potion of attraction for 78 gold pieces
 11536 | D:11     | Noticed a two-headed ogre
 11547 | D:11     | Killed a two-headed ogre
 11548 | D:11     | Reached skill level 10 in Fighting
 12085 | D:11     | Identified the +8 flail of the Chain {heavy, rF+ rCorr
                  | Dex+3}
 12537 | Lair:1   | Entered Level 1 of the Lair of Beasts
 12577 | Lair:1   | Reached skill level 11 in Evocations
 12623 | Lair:1   | Got Qamoth's Omnibus of Shifting
 12922 | Lair:1   | Noticed an oklob plant
 12936 | Lair:1   | Noticed an oklob plant
 12949 | Lair:1   | Killed an oklob plant
 13007 | Lair:1   | Killed an oklob plant
 13025 | Lair:1   | Noticed an oklob plant
 13153 | Lair:1   | Killed an oklob plant
 13232 | Lair:1   | Noticed an oklob plant
 13252 | Lair:1   | Killed an oklob plant
 13516 | Lair:1   | Gained mutation: You occasionally lose the ability to read
                  | scrolls when taking damage. [Ru sacrifice]
 13516 | Lair:1   | Gained mutation: You sometimes lose the ability to read
                  | scrolls when taking damage. [Ru sacrifice]
 13516 | Lair:1   | Reached *** piety under Ru
 13516 | Lair:1   | Reached **** piety under Ru
 13774 | Lair:2   | Found a staircase to the Shoals.
 14042 | Lair:2   | Reached skill level 12 in Evocations
 14144 | Lair:2   | Reached XP level 12. HP: 89/100 MP: 12/12
 15378 | Lair:3   | Noticed a four-headed hydra
 15389 | Lair:3   | Killed a four-headed hydra
 15623 | Lair:3   | Reached skill level 10 in Staves
 16078 | Lair:3   | Gained mutation: You cannot train Dodging skill. [Ru
                  | sacrifice]
 16078 | Lair:3   | Reached ***** piety under Ru
 16195 | Lair:3   | Found a staircase to the Snake Pit.
 16397 | Lair:3   | Reached XP level 13. HP: 100/108 MP: 13/13
 17211 | Lair:4   | Reached skill level 13 in Evocations
 17766 | Lair:4   | Found a large runed translucent door.
 17766 | Lair:4   | Found a large runed translucent door.
 17770 | Lair:4   | Noticed Syrim's ghost (journeyman DsSh)
 18040 | Lair:5   | Entered Level 5 of the Lair of Beasts
 18101 | Lair:5   | Identified the +2 crystal plate armour of the Bouncing Gods
                  | {rC+ Str+6}
 18261 | Lair:5   | Reached skill level 14 in Evocations
 18846 | Lair:5   | Reached skill level 15 in Evocations
 18948 | Lair:5   | Found a viscous altar of Jiyva.
 18964 | Lair:5   | Found a staircase to the Slime Pits.
 19042 | Lair:5   | Reached XP level 14. HP: 54/115 MP: 8/14
 19042 | Lair:5   | Acquired a bismuth turbine {Gadgeteer, rPois rCorr Slay+3}
 19829 | Lair:5   | Reached skill level 10 in Armour
 19834 | Lair:5   | Noticed a dire elephant
 19861 | Lair:5   | Killed a dire elephant
 20903 | D:12     | Found a staircase to the Orcish Mines.
 21065 | D:12     | Noticed Urug
 21066 | D:12     | Urug changed into Urug the elephant
 21066 | D:12     | Noticed Urug
 21079 | D:12     | Killed Urug the elephant
 21614 | Orc:1    | Entered Level 1 of the Orcish Mines
 21626 | Orc:1    | Gained mutation: Your magical capacity is low. (-10% MP)
                  | [Ru sacrifice]
 21923 | Orc:1    | Noticed Maurice
 21925 | Orc:1    | Maurice changed into Maurice the adder
 21925 | Orc:1    | Noticed Maurice
 21928 | Orc:1    | Killed Maurice the adder
 22014 | Orc:1    | Found Lacutoff's Jewellery Emporium.
 22128 | Orc:2    | Entered Level 2 of the Orcish Mines
 22149 | Orc:2    | Found Kuqic's General Store.
 22153 | Orc:2    | Found Juvium's Antique Armour Emporium.
 22159 | Orc:2    | Found Niucwous's Jewellery Boutique.
 22161 | Orc:2    | Reached XP level 15. HP: 84/120 MP: 4/13
 22173 | Orc:2    | Found Epoe's Magic Scroll Shoppe.
 22178 | Orc:2    | Noticed Azrael
 22186 | Orc:2    | Killed Azrael
 22662 | Orc:1    | Gained mutation: Your casting is slightly disrupted. [Ru
                  | sacrifice]
 22662 | Orc:1    | Reached ****** piety under Ru
 22818 | Orc:2    | Found a staircase to the Elven Halls.
 23058 | Orc:2    | Bought the +3 Mad Mage's Maulers {Infuse+∞ VampMP -Cast}
                  | for 1080 gold pieces
 23058 | Orc:2    | Found the +3 Mad Mage's Maulers {Infuse+∞ VampMP -Cast}
 23058 | Orc:2    | Bought a pair of glowing boots for 202 gold pieces
 23254 | D:13     | Noticed Hicry's ghost (journeyman TrSh)
 23255 | D:13     | Found a runed translucent door.
 24369 | D:13     | Identified the +0 ring mail "Okerog" {rN+ Stlth+}
 24372 | D:13     | Identified the +1 halberd of the Ninety-Nine Allies {pain,
                  | Str+2 Stlth+}
 24763 | D:13     | Found a gate to the Vaults.
 25002 | D:14     | Found Xuggicunk's General Store.
 25005 | D:14     | Bought a sack of spiders for 560 gold pieces
 25050 | D:14     | Found Paofups's Weapon Shoppe.
 25251 | D:14     | Reached skill level 16 in Evocations
 25260 | D:14     | Reached skill level 15 in Armour
 25716 | D:14     | Identified the +0 leather armour of Hide-and-Seek {rC+
                  | Slay+2}
 26344 | D:15     | Entered Level 15 of the Dungeon
 26459 | D:15     | Reached XP level 16. HP: 131/131 MP: 14/14
 27409 | D:15     | Reached skill level 1 in Spellcasting
 27409 | D:15     | Found a staircase to the Depths.
 28074 | Snake:1  | Entered Level 1 of the Snake Pit
 29125 | Snake:1  | Reached skill level 17 in Evocations
 30679 | Snake:2  | Found Evi Ot Roci's CLEARANCE SALE!.
 30687 | Snake:2  | Bought a potion of berserk rage for 5 gold pieces
 30687 | Snake:2  | Bought a scroll of butterflies for 4 gold pieces
 30687 | Snake:2  | Bought a scroll of revelation for 7 gold pieces
 31060 | Snake:3  | Found Issokuce's Armour Shoppe.
 31145 | Snake:3  | Found Fuvur's Magic Scroll Emporium.
 31358 | Snake:3  | Noticed Agnes
 31363 | Snake:3  | Killed Agnes
 32078 | Snake:3  | Found Lenecic's Assorted Antiques.
 32608 | Snake:3  | Reached skill level 18 in Evocations
 33129 | Snake:3  | Found Dopsigau's Weapon Shop.
 33170 | Snake:3  | Reached XP level 17. HP: 138/140 MP: 0/19
 33505 | Snake:3  | Found Nonoxt's General Store.
 33606 | Snake:4  | Entered Level 4 of the Snake Pit
 33858 | Snake:4  | Noticed Mlioglotl
 33863 | Snake:4  | Killed Mlioglotl
 33869 | Snake:4  | Noticed Bai Suzhen
 33887 | Snake:4  | Killed Bai Suzhen
 34359 | Snake:4  | Reached skill level 15 in Fighting
 35805 | Snake:4  | Reached skill level 19 in Evocations
 37393 | Snake:4  | Got a serpentine rune of Zot
 37671 | Shoals:1 | Entered Level 1 of the Shoals
 38947 | Shoals:1 | Noticed a kraken
 38970 | Shoals:1 | Killed a kraken
 39544 | Shoals:2 | Reached XP level 18. HP: 110/142 MP: 1/20
 39861 | Shoals:2 | Reached skill level 20 in Evocations
 39915 | Shoals:2 | Identified the +1 pair of gloves of Bipivab {rN+ Dex+3
                  | Slay+3 Stlth+}
 39915 | Shoals:2 | Noticed Nikola
 39928 | Shoals:2 | Killed Nikola
 41457 | Shoals:3 | Found Taylon's Firing Range.
 41891 | Snake:3  | Bought a phantom mirror for 1160 gold pieces
 42166 | Shoals:4 | Entered Level 4 of the Shoals
 42595 | Shoals:4 | Reached skill level 1 in Ice Magic
 42608 | Shoals:4 | Noticed Polyphemus
 42620 | Shoals:4 | Killed Polyphemus
 43827 | Shoals:4 | Reached skill level 21 in Evocations
 43846 | Shoals:4 | Got a barnacled rune of Zot
 44068 | Shoals:4 | Identified the ring "Gockor" {MP-9 Int+2 Dex+3 SInv}
 44264 | Shoals:4 | Found the +8 frozen axe "Frostbite" {freeze, freezing
                  | cloud, *Noise Fly rC+}
 44789 | Elf:1    | Entered Level 1 of the Elven Halls
 44844 | Elf:1    | Reached XP level 19. HP: 56/150 MP: 15/21
 44850 | Elf:1    | Identified the +8 shortbow "Gajoid" {flame, rCorr Dex+2}
 45787 | Elf:2    | Noticed Roxanne
 45811 | Elf:2    | Killed Roxanne
 45829 | Elf:2    | Noticed Louise
 45831 | Elf:2    | Banished Louise
 45857 | Elf:2    | Identified the +11 war axe "Newtslayer" {heavy, *Noise
                  | rPois rC+ Dex+3}
 46454 | Elf:2    | Found a runed translucent gate.
 46454 | Elf:2    | Found a runed translucent gate.
 46454 | Elf:2    | Found a runed translucent gate.
 46923 | Elf:3    | Entered Level 3 of the Elven Halls
 47481 | Abyss:2  | Cast into level 2 of the Abyss (a deep elf demonologist)
 47496 | Elf:3    | Escaped the Abyss
 47509 | Elf:3    | Reached skill level 22 in Evocations
 47520 | Elf:3    | Identified the ring "Peofad" {rPois rC++ Str-4 Dex-5 SInv}
 47598 | Elf:3    | HP: 4/163 [deep elf sorcerer/damnation (48)]
 48064 | Elf:3    | Identified the +8 great sword "Wocrod" {flame, Fly Int+3}
 48454 | Elf:3    | Identified the staff of Autumn {rPois Stlth+ Conj}
 48478 | Elf:3    | Identified the +7 broad axe of Tareqall {venom, Will+}
 48633 | Elf:3    | Identified the +9 short sword "Grom" {flame, SInv}
 48639 | Abyss:3  | Cast into level 3 of the Abyss (a deep elf demonologist)
 48914 | Abyss:3  | Killed Louise
 49026 | Elf:3    | Escaped the Abyss
 49317 | Abyss:3  | Found a corrupted altar of Lugonu.
 49317 | Abyss:3  | Cast into level 3 of the Abyss (a deep elf demonologist)
 49343 | Abyss:3  | Found a corrupted altar of Lugonu.
 49422 | Abyss:3  | Reached XP level 20. HP: 39/165 MP: 15/22
 49708 | Abyss:3  | Noticed a profane servitor
 49716 | Abyss:3  | Noticed a bone dragon
 49720 | Abyss:3  | Found a corrupted altar of Lugonu.
 49750 | Abyss:3  | Killed a bone dragon
 49752 | Elf:3    | Escaped the Abyss
 49990 | Elf:3    | Identified the +7 ring mail of the Countless Planets {rF+
                  | Dex+5}
 49994 | Elf:3    | Identified the +2 pair of boots "Ahishol" {+Inv Int+3}
 50008 | Elf:3    | Identified the +0 broad axe "Ziowi" {distort, Int+3}
 50061 | Elf:3    | Identified the +2 great sword of Calamity {protect, *Slow
                  | rF+ rN+ Will+}
 50063 | Elf:3    | Identified the +6 long sword of Hell's Wrath {protect, MP+9
                  | Str+2}
 50066 | Elf:3    | Identified the staff of sdynet's Slow Death {^Drain SInv
                  | Conj Hexes}
 50600 | Vaults:1 | Entered Level 1 of the Vaults
 51138 | Vaults:1 | Identified the amulet "Xyits" {Faith Rampage +Blink rCorr
                  | Int+3}
 51151 | Vaults:1 | Reached skill level 23 in Evocations
 51351 | Vaults:1 | Found Mifotzuu's Weapon Emporium.
 51359 | Vaults:1 | Reached skill level 1 in Axes
 51874 | Vaults:1 | Found a runed translucent door.
 51920 | Vaults:1 | Identified the ring of Yfopad {rElec rPois SInv}
 52022 | Vaults:1 | Noticed Norris
 52033 | Vaults:1 | Killed Norris
 52392 | Vaults:1 | Found a portal to a secret trove of treasure.
 53838 | Vaults:2 | Reached XP level 21. HP: 155/176 MP: 22/22
 54154 | Vaults:2 | Reached skill level 24 in Evocations
 55236 | Vaults:3 | Reached skill level 5 in Axes
 55260 | Vaults:3 | Found a staircase to the Crypt.
 55260 | Vaults:3 | Found an ancient bone altar of Kikubaaqudgha.
 55261 | Vaults:3 | Found a basalt altar of Yredelemnul.
 55444 | Vaults:3 | Found a flickering gateway to a bazaar.
 55454 | Bazaar   | Entered a bazaar
 55462 | Bazaar   | Found Wyusirgho's Antique Armour Shop.
 55462 | Bazaar   | Found Gibri's Book Shop.
 56800 | Vaults:3 | Identified the +5 dagger of Vurgha {heavy, Str+3 Dex+5}
 57282 | Vaults:4 | Noticed Mara
 57302 | Vaults:4 | Killed Mara
 57615 | Vaults:4 | Found Ilalym's Antique Armour Emporium.
 57940 | Vaults:4 | Paralysed by a formless jellyfish for 1 turns
 58352 | Vaults:4 | Reached skill level 25 in Evocations
 58926 | Vaults:4 | Reached XP level 22. HP: 184/190 MP: 23/23
 59068 | Crypt:1  | Entered Level 1 of the Crypt
 59974 | Crypt:1  | Noticed Grunn
 60179 | Orc:2    | Bought a scroll of vulnerability for 48 gold pieces
 60179 | Orc:2    | Bought a scroll of silence for 114 gold pieces
 60442 | Snake:3  | Bought a scroll of vulnerability for 64 gold pieces
 60879 | Crypt:1  | Killed Grunn
 60893 | Crypt:1  | Identified the +4 morningstar of Soapn {freeze, *Corrode
                  | +Blink rPois Str+3}
 61146 | Crypt:1  | Noticed Donald
 61147 | Crypt:1  | Donald changed into Donald the five-headed hydra
 61147 | Crypt:1  | Noticed Donald
 61153 | Crypt:1  | Killed Donald the seven-headed hydra
 62608 | Crypt:2  | Reached skill level 26 in Evocations
 63061 | Crypt:3  | Entered Level 3 of the Crypt
 63575 | Crypt:3  | Identified the +10 short sword of the Final Decision
                  | {flame, rElec rPois Str+2}
 64408 | Crypt:3  | Identified the orb "Giezen" {*channel, Will+++ Str+4 Int+5}
 64408 | Crypt:3  | Noticed Frederick
 64415 | Crypt:3  | Noticed Zenata
 64426 | Crypt:3  | Killed Zenata
 64431 | Crypt:3  | Killed Frederick
 65018 | Crypt:3  | Reached XP level 23. HP: 126/161 MP: 24/24
 65026 | Crypt:3  | Found a staircase to the Tomb.
 65310 | Crypt:3  | Identified the ring "Caicenost" {Wiz rN++}
 65643 | Crypt:3  | Found the +7 Spriggan's Knife {stab, EV+4 Stlth+}
 65655 | Crypt:3  | Upgraded the game from 0.32-a0-614-gd166fa8 to
                  | 0.32-a0-633-g5379399
 66158 | Crypt:3  | Identified the ring of Undoing {Fly rN++ rCorr}
 66159 | Crypt:3  | Found an ancient bone altar of Kikubaaqudgha.
 66618 | Crypt:3  | Reached skill level 1 in Short Blades
 66683 | Crypt:3  | Noticed an ancient lich
 66698 | Crypt:3  | Killed an ancient lich
 67037 | Vaults:5 | Entered Level 5 of the Vaults
 67037 | Vaults:5 | Noticed Saint Roka
 67039 | Vaults:5 | Reached skill level 27 in Evocations
 67047 | Vaults:5 | Killed Saint Roka
 67074 | Vaults:5 | Reached skill level 10 in Axes
 67089 | Vaults:4 | HP: 2/201 [ettin/+0 dire flail (26)]
 67504 | Vaults:4 | Upgraded the game from 0.32-a0-633-g5379399 to
                  | 0.32-a0-635-g817ac4a
 67708 | Vaults:5 | Identified the +1 mace of Eternal Vigilance {heavy, rN+}
 67989 | Vaults:5 | Noticed a dread lich
 67997 | Vaults:5 | Killed a dread lich
 67998 | Vaults:5 | Reached skill level 5 in Stealth
 68021 | Vaults:5 | Reached XP level 24. HP: 136/208 MP: 24/24
 68028 | Vaults:5 | Killed from afar by a storm dragon

Illustrated notes

Levels and vault maps discovered:
D:1:      sevenhm_arrival_forest_fort_small_5, layout_basic
D:2:      layout_basic, basic_altar, minmay_tiny_reverse_x
D:3:      layout_basic, nemelex_diamond_rough_becter, chequers_jeans
D:4:      layout_gridville, temple_hall, minmay_misc_feat_square
D:5:      layout_layer_cave, amcnicky_altar_gilded
D:6:      layout_loops_cross, uniq_crazy_yiuf_cottage
D:7:      layout_basic, nicolae_overflow_two_pavilions, uniq_maggie,
          uniq_duvessa
D:8:      layout_loops_ring, grunt_temple_overflow_forces_of_nature,
          lair_entry_dummy, serial_demonic, serial_demonic_a, serial_demonic_e,
          serial_demonic_f, serial_demonic_e, nicolae_have_a_lightning_rod
D:9:      layout_grid_maze, supply_closet_lemuel, lightli_minifort
D:10:     layout_long_grid, kennysheep_mini_moat, mainiacjoe_overflow_alcove_4,
          elyvilon_altar_3, minmay_crystal_water
D:11:     layout_basic, nicolae_wooded_promenade, nicolae_hexahallways
D:12:     layout_cave_pools, zombieorc2_lemuel, uniq_urug
D:13:     layout_roguey, ximxim_vaults_locker_room, gammafunk_ghost_grave,
          minmay_lindwurm_lava
D:14:     layout_loops_cross, hangedman_decor_opposing, serial_shops,
          nicolae_stop_n_shop_2, shop, hangedman_aviary
D:15:     grunt_enter_depths_hoard, layout_irregular_city
Temple:   compressed_dpeg_triangle_lava_temple
Lair:1:   minmay_lair_oklob_tunnel, layout_chaotic_city,
          eino_small_chamber_without_monster
Lair:2:   layout_regular_city, shoals_dummy_entry, cheibrodos_lair_reptile_den,
          infiniplex_staircase_pool_2, grunt_megastairs_4
Lair:3:   layout_cave_pods, guppyfry_snake_entry_garden
Lair:4:   layout_hall_layers, ebering_ghost_disaster_area
Lair:5:   hangedman_lair_caniforms_friends, layout_concentric_octagons,
          hangedman_lair_tendril_chambers, minmay_slime_entry_pillars
Shoals:1: layout_shoals, nicolae_shoals_beach_house_on_fowls_legs
Shoals:2: layout_shoals, nicolae_shoals_water_shrine, uniq_nikola
Shoals:3: layout_shoals, nicolae_shop_firing_range
Shoals:4: shoals_end_simple, layout_shoals, nicolae_shoals_sun_and_surf,
          uniq_polyphemus
Snake:1:  layout_chambers, drop_trap
Snake:2:  layout_rooms, nicolae_shop_clearance
Snake:3:  layout_gridlike, serial_shops, nicolae_shop_peninsula,
          nicolae_shop_tiny_statue_garden, nicolae_shop_behind_doors, shop,
          nicolae_stop_n_shop_1, uniq_agnes
Snake:4:  minmay_snake_end_coiled, layout_cave_town, uniq_mlioglotl,
          uniq_bai_suzhen
Orc:1:    layout_caves, serial_shops, nicolae_lakefront_shop, uniq_maurice
Orc:2:    st_orc_open, layout_caves, uniq_azrael
Elf:1:    eino_elf_arrival_the_gate, layout_loops_cross,
          kennysheep_underground_church
Elf:2:    elven_hall_of_blades_hangedman_original [mumra_blade_entry_bloodbath],
          layout_loops_corners, grunt_ministairs_11, bh_hangedman_babel_library,
          uniq_louise, uniq_roxanne
Elf:3:    grunt_elf_hall_branching, layout_onion_city
Vaults:1: v_misc_28, nicolae_vaults_taking_the_gang_shopping,
          hangedman_vaults_stretched_pinwheel, nicolae_vaults_three_branches,
          nicolae_vaults_trapezoid_3, hangedman_vaults_capsules,
          nicolae_vaults_swerve, nicolae_vaults_oozy_zoo, v_misc_27, v_misc_17,
          ontoclasm_vaults_twist, nicolae_vaults_disjoint_gnomons,
          layout_vaults_maze_bifur, enter_trove_2, uniq_norris
Vaults:2: v_pattern_5, vaults_room_boxed, nicolae_vaults_offset_grid_hallway_1,
          hangedman_vaults_restitches, nicolae_vaults_house_3,
          nicolae_vaults_tangram_2, vaults_room_hallway,
          hangedman_vaults_impose, nicolae_vaults_network_quinsquares
          [nicolae_vaults_network_quincunx_subvault,
          nicolae_vaults_network_quincunx_subvault,
          nicolae_vaults_network_quincunx_subvault,
          nicolae_vaults_network_quincunx_subvault], v_misc_28,
          nicolae_vaults_little_squares_6, layout_vaults_big_room
Vaults:3: minmay_crypt_entry_necro_gods, nicolae_vaults_tetromino_L_2,
          nicolae_vaults_storage_closets_2, ontoclasm_vaults_ligature,
          vaults_room_ringed_pool, v_misc_16, nicolae_vaults_asterisk,
          nicolae_vaults_apartment_1, layout_vaults_omnigrid, serial_shops,
          bzr_entry_road
Vaults:4: nicolae_vaults_surprise_closet, hangedman_vaults_stagger,
          vaults_dpeg_encased_lava, nicolae_vaults_sightless_eye,
          ontoclasm_vaults_loading_screen, v_misc_29, hangedman_vaults_cutoff,
          v_misc_8, v_alt_pattern_3, ontoclasm_vaults_gallery,
          nicolae_vaults_surprise_closet, nicolae_vaults_lightning_bolt,
          layout_vaults_omnicross, serial_shops, nicolae_shop_rolling_square,
          uniq_mara
Vaults:5: uniq_saint_roka
Crypt:1:  layout_regular_city, grunt_crypt_arrival_split, uniq_grunn,
          uniq_donald, uniq_margery
Crypt:2:  layout_chaotic_city, nicolae_crypt_more_like_crabt, grunt_megastairs_2
Crypt:3:  evilmike_haunted_forest, uniq_frederick, uniq_zenata

Skill      XL: |  1  2  3  4  5  6  7  8  9 10 11 12 13 14 15 16 17 18 19 20 21 22 23 |
---------------+----------------------------------------------------------------------+-----
Armour         | 2 5 6 7 9 13 15 16 17 18 19 20 21 | 21.5
Dodging        | 1 3 0 |  0.0
Stealth        | 1 2 3 5 |  5.6
Fighting       | 2 3 5 6 8 9 11 12 13 14 15 17 18 19 20 21 | 21.4
Throwing       | 1 |  1.0
Alchemy        | 1 2 3 |  3.0
Evocations     | 6 8 9 10 12 15 16 18 19 21 22 23 25 26 27 | 27.0
Staves         | 3 5 6 8 10 12 | 12.0
Fire Magic     | 2 0 |  0.0
Spellcasting   | 3 |  3.0
Ice Magic      | 3 |  3.0
Axes           | 4 5 11 | 11.7
Short Blades   | 1 |  1.0

Action                     |  1- 3 |  4- 6 |  7- 9 | 10-12 | 13-15 | 16-18 | 19-21 | 22-24 || total
---------------------------+-------+-------+-------+-------+-------+-------+-------+-------++-------
  Melee: Dagger            |    74 |   166 |   122 |       |       |       |       |       ||   362
         Club              |     3 |       |       |       |       |       |       |       ||     3
         Short sword       |    80 |    35 |       |       |       |       |       |   124 ||   239
         Staff             |       |    80 |   221 |   835 |  1310 |  1673 |  1230 |   387 ||  5736
         Flail             |       |       |    93 |       |       |       |       |       ||    93
         Morningstar       |       |       |       |    98 |       |       |       |       ||    98
         Broad axe         |       |       |       |       |       |       |   456 |   777 ||  1233
         Knife             |       |       |       |       |       |       |       |   244 ||   244
  Throw: Dart              |     3 |     9 |    42 |    60 |    33 |    30 |    20 |     1 ||   198
         Javelin           |       |       |       |     5 |       |     5 |     2 |       ||    12
         Throwing net      |       |       |       |       |       |     3 |     4 |     3 ||    10
 Invoke: Sacrifice Purity  |       |       |     1 |       |       |       |       |       ||     1
         Sacrifice Drink   |       |       |       |     1 |       |       |       |       ||     1
         Power Leap        |       |       |       |     1 |     7 |     5 |     2 |     1 ||    16
         Draw Out Power    |       |       |       |     1 |       |     2 |     2 |       ||     5
         Sacrifice Words   |       |       |       |     1 |       |       |       |       ||     1
         Sacrifice Arcana  |       |       |       |     1 |       |       |       |       ||     1
         Sacrifice Nimblen |       |       |       |     1 |       |       |       |       ||     1
         Apocalypse        |       |       |       |       |     4 |     3 |     4 |     4 ||    15
         Reject Sacrifices |       |       |       |       |     1 |       |       |       ||     1
         Sacrifice Essence |       |       |       |       |     2 |       |       |       ||     2
Ability: Evoke Invisibilit |       |       |       |       |     1 |     4 |     6 |     5 ||    16
         Invent Gizmo      |       |       |       |       |     1 |       |       |       ||     1
  Evoke: Wand              |     2 |    15 |    33 |    52 |    33 |    81 |    44 |    26 ||   286
         Lightning rod     |       |       |       |    19 |    23 |    28 |    31 |    19 ||   120
         Sack of spiders   |       |       |       |       |     1 |     7 |     8 |     7 ||    23
         Tin of tremorston |       |       |       |       |       |     4 |    13 |     6 ||    23
         Phial of floods   |       |       |       |       |       |     1 |     5 |     1 ||     7
         Phantom mirror    |       |       |       |       |       |     1 |     3 |     3 ||     7
    Use: Scroll            |     1 |     2 |     1 |    20 |     5 |     5 |     9 |     4 ||    47
         Potion            |       |     3 |     2 |     3 |     2 |     5 |    16 |     7 ||    38
   Stab: Sleeping          |       |     1 |       |     3 |       |       |       |       ||     4
         Paralysed         |       |       |    13 |   161 |    36 |    45 |    64 |    24 ||   343
         Distracted        |       |       |     2 |     1 |     3 |     5 |    11 |    16 ||    38
         Betrayed ally     |       |       |     2 |       |       |       |       |       ||     2
         Invisible         |       |       |       |       |    26 |    52 |    46 |    69 ||   193
         Held in net/web   |       |       |       |       |       |     5 |    18 |     6 ||    29
         Confused          |       |       |       |       |       |     1 |       |       ||     1
         Petrified         |       |       |       |       |       |     7 |       |       ||     7
 Armour: Leather armour    |    15 |       |       |       |       |       |       |       ||    15
         Ring mail         |    37 |    90 |    48 |       |       |       |     3 |       ||   178
         Scale mail        |       |       |   122 |       |       |       |       |       ||   122
         Swamp dragon scal |       |       |       |   163 |       |       |       |       ||   163
         Acid dragon scale |       |       |       |   141 |    74 |       |       |       ||   215
         Troll leather arm |       |       |       |    50 |       |       |       |       ||    50
         Crystal plate arm |       |       |       |       |   586 |   856 |   947 |  1013 ||  3402
  Dodge: Dodged            |    46 |    80 |    80 |   220 |   144 |   159 |   174 |   262 ||  1165

Table legend: (Time is in decaauts)
 A = Elapsed time spent in this place.
 B = Non-inter-level travel time spent in this place.
 C = Inter-level travel time spent in this place.
 D = Time resting spent in this place.
 E = Time spent auto-exploring this place.
 F = Levels seen in this place.
 G = Mean time per level.
                   A        B        C        D        E       F      G
               +--------+--------+--------+--------+--------+-----+--------+
         Total |  67268 |  60484 |   6784 |   1844 |  47043 |  46 | 1462.3 |
       Dungeon |  18911 |  16650 |   2261 |    292 |  13445 |  15 | 1260.7 |
        Temple |     23 |     13 |     10 |      0 |      0 |   1 |   23.0 |
          Lair |   8654 |   7411 |   1243 |    116 |   5821 |   5 | 1730.8 |
        Shoals |   6070 |   5604 |    466 |    465 |   4084 |   4 | 1517.5 |
     Snake Pit |   9779 |   9052 |    727 |    321 |   7603 |   4 | 2444.8 |
  Orcish Mines |   1590 |   1344 |    246 |      0 |   1158 |   2 |  795.0 |
   Elven Halls |   5128 |   4507 |    621 |     93 |   3608 |   3 | 1709.3 |
        Vaults |   9265 |   8392 |    873 |    227 |   6378 |   5 | 1853.0 |
         Crypt |   7049 |   6716 |    333 |    268 |   4670 |   3 | 2349.7 |
         Abyss |    715 |    715 |      0 |     61 |    237 |   3 |  238.3 |
        Bazaar |     80 |     80 |      0 |      0 |     38 |   1 |   80.0 |
               +--------+--------+--------+--------+--------+-----+--------+

Top non-repeatable levels by time:
 Crypt:3: 3661 daAuts
 Snake:4: 3257 daAuts
 Snake:3: 3089 daAuts
Vaults:1: 2597 daAuts
 Snake:1: 2197 daAuts
Vaults:3: 2181 daAuts
   Elf:2: 2154 daAuts
    D:13: 2118 daAuts
Vaults:4: 2022 daAuts
 Crypt:1: 1978 daAuts
Vaults:2: 1967 daAuts
     D:9: 1965 daAuts
Shoals:1: 1942 daAuts
   Elf:3: 1937 daAuts
  Lair:3: 1832 daAuts
